 Dungeon Crawl Stone Soup version 0.24-a0-458-gfcb5e6da0e (webtiles) character file.

Game seed: 11913147945703448392

18 Ijustatesigmund the Chucker (level 2, -3/31 HPs)
             Began as an Ogre Hunter on June 26, 2019.
             Succumbed to Sigmund's poison
             ... on level 2 of the Dungeon.
             The game lasted 00:02:08 (818 turns).

Ijustatesigmund the Chucker (Ogre Hunter)            Turns: 818, Time: 00:02:09

Health: -3/31      AC:  3    Str: 15    XL:     2   Next: 66%
Magic:  2/2        EV: 10    Int: 12    God:
Gold:   67         SH:  0    Dex:  9    Spells: 1/1 levels left

rFire    + . .     SeeInvis .   a - +0 mace
rCold    . . .     Gourm    .   (no shield)
rNeg     . . .     Faith    .   b - +0 robe
rPois    .         Spirit   .   (helmet restricted)
rElec    .         Reflect  .   (no cloak)
rCorr    .         Harm     .   (gloves unavailable)
MR       .....                  (boots unavailable)
Stlth    +.........             (no amulet)
HPRegen  0.10/turn              h - ring of protection from fire
MPRegen  0.08/turn              (no ring)

@: lethally poisoned (-3 -> -40)
A: large, unfitting armour, tough skin 1
a: no special abilities


You were on level 2 of the Dungeon.
You were not hungry.

You visited 1 branch of the dungeon, and saw 2 of its levels.

You collected 67 gold pieces.

Inventory:

Hand Weapons
 a - a +0 mace (weapon)
Missiles
 e - 12 poisoned darts (quivered)
Armour
 b - a +0 robe (worn)
Jewellery
 h - a ring of protection from fire (left hand)
Scrolls
 j - 2 scrolls of identify {unknown}
Potions
 i - a potion of curing {unknown}
 k - a potion of heal wounds
Comestibles
 f - 3 rations


   Skills:
 + Level 3.5 Fighting
   Level 1.2 Short Blades
 * Level 0.2 Maces & Flails
 - Level 4.0 Throwing
 - Level 1.7 Dodging
 - Level 0.6 Stealth


You had one spell level left.
You didn't know any spells.
Your spell library was empty.

Dungeon Overview and Level Annotations

Branches:
Dungeon (2/15)

Altars:

Annotations:
D:2 Sigmund


Innate Abilities, Weirdness & Mutations

You are too large for most types of armour.
You have tough skin. (AC +1)


Message History

You feel sick. Something hits you.
* * * LOW HITPOINT WARNING * * *
You are more poisoned.
You miss something.
* * * LOW HITPOINT WARNING * * *
You feel very sick.
You hear some strange, mumbled words.
Something tries to affect you, but you resist.
Unknown command.
It was a potion of heal wounds.
You feel much better.
You feel sick. Something hits you!
It was a potion of magic.
Magic courses through your body.
You feel sick.
You miss something.
* * * LOW HITPOINT WARNING * * *
You feel very sick. Something hits you!
* * * LOW HITPOINT WARNING * * *
You are more poisoned.
You barely miss something.
You die...

#....# #.# #.#. #....#
#.# #.#. #....#
#.###...
#####....######.....##
#........+....#.....#
#........####†#.....#
#.............'.....#
#.......#####.#.....#
#....@### #.#.....#
#....{# #.......#
#.....# #.......#
#.....# #.......#
#....(# #.......#
#.....# #.#######
#.(.(.# #######


There were no monsters in sight!

Vanquished Creatures
  3 hobgoblins (D:1)
  2 jackals (D:2)
  3 bats (D:1)
  A frilled lizard (D:1)
  2 goblins (D:1)
  5 kobolds (D:1)
  3 rats (D:1)
19 creatures vanquished.

Notes
Turn   | Place    | Note
-------+----------+-------------------------------------------
     0 | D:1      | Ijustatesigmund the Ogre Hunter began the quest for the
                  | Orb.
     0 | D:1      | Reached XP level 1. HP: 22/22 MP: 1/1
   295 | D:1      | Reached XP level 2. HP: 28/31 MP: 2/2
   310 | D:1      | Reached skill level 1 in Short Blades
   703 | D:2      | Found a faded altar of an unknown god.
   797 | D:2      | Noticed Sigmund
   814 | D:2      | HP: 1/31 [poisoned by Sigmund]
   818 | D:2      | Succumbed to Sigmund's poison

Levels and vault maps discovered:
D:1:      dpeg_arrival_snail, layout_loops_ring, hangedman_decor_points
D:2:      layout_basic, chequers_ecumenical_altar_simple, uniq_sigmund

Skill      XL: |  1  2 |
---------------+-------+-----
Fighting       | 3 |  3.5
Short Blades   | 1 |  1.2
Maces & Flails | |  0.2
Throwing       | |  4.0
Dodging        | |  1.7
Stealth        | |  0.6

Action                   || total
-------------------------++-------
Melee: Short sword       ||    56
       Mace              ||    13
Throw: Large rock        ||     5
       Dart              ||     2
       Throwing net      ||     2
  Use: Scroll            ||     3
       Potion            ||     2
Armor: Robe              ||    30
Dodge: Dodged            ||    53

Table legend:
 A = Non-vault XP
 B = Vault XP
 C = Vault XP percentage of total XP
 D = Non-vault monster count
 E = Vault monster count
 F = Vault count percentage of total count
                 A         B        C        D         E       F
            +---------+---------+-------+---------+---------+-------
      Total |      26 |       0 |   0.0 |      19 |       0 |   0.0
            +---------+---------+-------+---------+---------+-------
        D:1 |      22 |       0 |   0.0 |      17 |       0 |   0.0
        D:2 |       4 |       0 |   0.0 |       2 |       0 |   0.0
            +---------+---------+-------+---------+---------+-------
